 Dungeon Crawl Stone Soup version 0.28-a0-476-g0f06bd746f (webtiles) character file.

Game seed: 2381384099222829148

2041 spiderkeys the Agent of Entropy (level 9, -3/62 HPs)
             Began as an Octopode Abyssal Knight on Sept 17, 2021.
             Was a Priest of Lugonu.
             Slain by an orc warrior (24 damage)
             ... on level 8 of the Dungeon.
             The game lasted 00:08:52 (8168 turns).

spiderkeys the Agent of Entropy (OpAK)              Turns: 8168, Time: 00:08:53

Health: -3/62      AC:  1    Str: 20    XL:     9   Next: 24%
Magic:  22/22      EV: 11    Int: 11    God:    Lugonu [***...]
Gold:   453        SH:  5    Dex:  8    Spells: 3/8 levels left

rFire   . . .      SeeInvis .   d - +6 morningstar "Xuapin" {elec, rPois rCorr Int-4 Dex-3}
rCold   . . .      Faith    .   B - +0 kite shield
rNeg    . . .      Spirit   .   (helmet restricted)
rPois   +          Reflect  .   (no amulet)
rElec   .          Harm     .   W - ring of magical power
rCorr   +          Rampage  .   S - +6 ring of strength
Will    .....                   (no ring)
Stlth   ++........              (no ring)
HPRegen 0.20/turn               (no ring)
MPRegen 0.18/turn               (no ring)
                                (no ring)
                                (no ring)

@: no status effects
A: almost no armour, amphibious, 8 rings, camouflage 1, gelatinous body 1,
(nimble swimmer 1), tentacles
a: Renounce Religion, Depart the Abyss, Bend Space, Banish


You were on level 8 of the Dungeon.
You worshipped Lugonu.
Lugonu was most pleased with you.
You visited 2 branches of the dungeon, and saw 9 of its levels.
You visited the Abyss 1 time.

You collected 453 gold pieces.


Innate Abilities, Weirdness & Mutations

You cannot wear most types of armour.
You are amphibious.
You can wear up to eight rings at the same time.
Your skin changes colour to match your surroundings (Stealth+).
Your rubbery body absorbs attacks. (AC +1, EV +1)
((You are camouflaged near water. (Stealth+)))
You have tentacles for arms and can constrict up to eight enemies at once.


   Skills:
 + Level 6.0 Fighting
 + Level 4.5 Maces & Flails
 - Level 3.1 Polearms
 + Level 5.7 Dodging
 + Level 2.5 Poison Magic
 + Level 6.0 Invocations
 + Level 4.9 Evocations


You had 3 spell levels left.
You knew the following spells:

 Your Spells              Type           Power      Damage    Failure   Level
p - Poisonous Vapours     Pois/Air       4%         N/A       92%         2
X - Ignite Poison         Fire/Tmut/Pois 1%         N/A       99%         3

Your spell library contained the following spells:

 Spells                   Type           Power      Damage    Failure   Level
 Summon Small Mammal      Summ           0%         N/A       94%         1
 Corpse Rot               Necr/Air       N/A        N/A       98%         2
 Sublimation of Blood     Necr           0%         N/A       98%         2
 Wereblood                Tmut           0%         N/A       98%         2
 Mephitic Cloud           Conj/Pois/Air  1%         N/A       99%         3
 Call Canine Familiar     Summ           0%         N/A       100%        3
 Summon Guardian Golem    Hex/Summ       0%         N/A       100%        3
 Freezing Cloud           Conj/Ice/Air   0%         6-21      100%        5
 Summon Hydra             Summ           0%         N/A       100%        7

Inventory:

Hand Weapons
 a - a +2 spear
 d - the +6 morningstar "Xuapin" (weapon) {elec, rPois rCorr Int-4 Dex-3}
   (You found it on level 4 of the Abyss)

   It occasionally discharges a powerful burst of electricity upon striking a
   foe.
   Int:       It affects your intelligence (-4).
   Dex:       It affects your dexterity (-3).
   rPois:     It protects you from poison.
   rCorr:     It protects you from acid and corrosion.
Missiles
 c - 187 stones
 g - 17 sling bullets
 h - 92 arrows
 i - 2 boomerangs
 r - 56 poisoned darts
Armour
 B - a +0 kite shield (worn)
   (You took it off a gnoll sergeant on level 7 of the Dungeon)
Magical Staves
 o - a staff of poison {!a}
   (You found it on level 2 of the Dungeon)
Jewellery
 S - a +6 ring of strength (right tentacle)
   (You found it on level 2 of the Dungeon)
 W - a ring of magical power (left tentacle)
   (You found it on level 2 of the Dungeon)
Wands
 b - a wand of acid (5)
   (You found it on level 3 of the Abyss)
Scrolls
 f - 7 scrolls of teleportation {@r4}
 l - a scroll of fear
 p - a scroll of immolation {!r!r}
 v - 5 scrolls of identify {@r1}
 x - a scroll of enchant armour {unknown}
 y - 2 scrolls of vulnerability {unknown}
 z - a scroll of blinking {unknown}
Potions
 j - a potion of magic {unknown}
 k - a potion of might {unknown}
 m - 2 potions of heal wounds {unknown}
 n - a potion of cancellation {unknown}
 q - 3 potions of haste {unknown}
 s - a potion of attraction {unknown}
 t - a potion of degeneration {unknown}
 u - a potion of brilliance {unknown}
 w - a potion of curing {unknown}
 A - a potion of flight {unknown}
Miscellaneous
 e - a lightning rod (4/4)
   (You found it on level 4 of the Abyss)

Dungeon Overview and Level Annotations

Branches:
Dungeon (8/15)             Temple (1/1) D:6
   Lair: D:8-11

Altars:
Fedhas
Kikubaaqudgha
Xom
Zin

Shops:
D:4 =   D:7 *

Annotations:
D:3 2 runed translucent doors, AttackTheMoon's ghost, amateur TrHu # .# #####.....# ######.#####......... #..........#...../.. #.......... ....... #.......... ..... #..)....... ooY

##.......... #o#
............ #@#
.#..........####.#
.###'####........#
.# #.##########..#
.# #.........##..#
.# #######...#...#
.# #......##.#
########
#.#.#.....#
.......
...#.#######


You could see an orc warrior, an ice beast, an orc wizard and an orc.


Message History

Key pressed, stopping explore.
Key pressed, stopping explore.
You see here a +0 shortbow.
There is an open door here.
There is an open door here.
Key pressed, stopping explore.
You open the door.
There is an open door here.
Key pressed, stopping explore.
There is an open door here.
You open the door.
There is an open door here.
As you open the door, it creaks loudly!
Found an ancient bone altar of Kikubaaqudgha. 😎 HP[+30]
Your hp is fully restored (62).
There is an open door here.
There is an open door, spattered with blood here.
You open the door.
There is an open door here.
Done exploring.
Done exploring.
There is an open door here.
There is an open door here.
You open the door.
There is an open door here.
There is an open door here.
There is an open door here.
There is a stone staircase leading down here.
You climb downwards.
There is a stone staircase leading up here.
A wyvern comes into view.
The wyvern hisses angrily.
You puncture the wyvern! You squeeze the wyvern! The wyvern bites you.
The wyvern closely misses you. 😕 HP[-1]
You take 1 damage, and now have 61/62 hp.
You hit the wyvern but do no damage. The wyvern bites you!
The wyvern bites you. 😮 HP[-18]
You take 18 damage, and now have 43/62 hp.
MASSIVE DAMAGE!! (PAUSE)
You sock the wyvern!
You kill the wyvern!
Lugonu accepts your kill.
Your Fighting skill increases to level 6!
Your Invocations skill increases to level 6! 😮 HP[+1]
You see here a wyvern corpse.
Key pressed, stopping explore.
Key pressed, stopping explore.
You open the door.
There is an open door here.
Found a stone staircase leading up.
You now have 453 gold pieces (gained 11).
A killer bee comes into view. 😎 HP[+18]
Your hp is fully restored (62).
An orc wizard comes into view. It is wielding a +0 dagger.
A killer bee, an orc and an orc warrior come into view.
The orc shouts!
The killer bee buzzes angrily. x2
A killer bee comes into view.
The killer bee moves out of view.
The orc warrior moves out of view.
The killer bee buzzes angrily.
The orc wizard shouts!
The orc warrior shouts!
The killer bee stings you but does no damage.
The killer bee misses you.
You puncture the killer bee!
Lightning courses through the killer bee!!
You kill the killer bee!
Lugonu accepts your kill.
An ice beast comes into view.
You miss the killer bee. Your grab misses the killer bee.
Your squeeze misses the killer bee. The killer bee stings you.
The killer bee barely misses you. The killer bee stings you. 😕 HP[-11]
You take 11 damage, and now have 51/62 hp.
You sock the killer bee! Your grab misses the killer bee.
You squeeze the killer bee.
You kill the killer bee!
Lugonu accepts your kill. You block the killer bee's attack.
The killer bee barely misses you. You block the orc warrior's attack.
You block the killer bee's attack.
You miss the killer bee. Your grab misses the killer bee.
The killer bee stings you! The orc warrior barely misses you.
The killer bee stings you.
The orc warrior hits you from afar with a +0 halberd!
* * * LOW HITPOINT WARNING * * *
The killer bee barely misses you. 😨 HP[-29]
You take 29 damage, and now have 22/62 hp.
MASSIVE DAMAGE!! (PAUSE)
You sock the killer bee!
Lightning courses through the killer bee!
You kill the killer bee!
Lugonu accepts your kill. The orc warrior completely misses you.
The orc wizard hits you with a +0 dagger.
* * * LOW HITPOINT WARNING * * *
The orc warrior hits you from afar with a +0 halberd!!
You die...

Skill      XL: |  1  2  3  4  5  6  7  8  9 |
---------------+----------------------------+-----
Polearms       | 3 |  3.1
Dodging        | 3 4 5 |  5.7
Invocations    | 3 4 5 6 |  6.0
Fighting       | 4 5 6 |  6.0
Evocations     | 1 2 3 4 |  4.9
Maces & Flails | 1 2 4 |  4.5
Poison Magic   | 1 2 |  2.5

Action                   |  1- 3 |  4- 6 |  7- 9 || total
-------------------------+-------+-------+-------++-------
Melee: Morningstar       |       |   107 |   123 ||   230
       Constrict         |       |    16 |    23 ||    39
       Tentacles         |       |    11 |    15 ||    26
Invok: Depart the Abyss  |       |     1 |       ||     1
       Bend Space        |       |       |     1 ||     1
Evoke: Wand              |     3 |       |       ||     3
  Use: Scroll            |       |     7 |       ||     7
 Stab: Sleeping          |       |    17 |     3 ||    20
Armor: Skin              |       |    11 |     8 ||    19
Dodge: Dodged            |       |    74 |   105 ||   179
Block: Kite shield       |       |       |     5 ||     5

Levels and vault maps discovered:
D:1:      nzn_arrival_water_spiral, layout_loops_ring,
          ebering_ecumenical_altar_mist
D:2:      layout_rooms, serial_aquarium, aquarium_bridge_straight
          [aquarium_subvault_bridge, aquarium_subvault_wall,
          aquarium_subvault_bridge, aquarium_subvault_window],
          aquarium_bridge_square [aquarium_subvault_bridge,
          aquarium_subvault_balcony, aquarium_subvault_bridge,
          aquarium_subvault_window], aquarium_window_corridor_1,
          aquarium_window_fake, aquarium_window_1, aquarium_view_2c,
          aquarium_view_2a, aquarium_balcony_5b, basic_altar,
          guppyfry_early_lair_pool
D:3:      layout_rooms, ebering_ghost_disaster_area
D:4:      layout_cave_pools, serial_shops, shop, minmay_vboxes
D:5:      layout_basic, uniq_eustachio
D:6:      layout_basic, minmay_temple_entry_statues_pillars
D:7:      layout_gridville, kennysheep_mini_moat, lemuel_crystal_altar,
          zin_purify
D:8:      layout_basic, lemuel_another_geyser
Temple:   regret_index_temple_sphere_string

Notes
Turn   | Place    | Note
-------+----------+-------------------------------------------
     0 | Abyss:1  | spiderkeys the Octopode Abyssal Knight began the quest for
                  | the Orb.
     0 | Abyss:1  | Reached XP level 1. HP: 16/16 MP: 2/2
     0 | Abyss:1  | magus.rc [v1.9.10]
    32 | Abyss:2  | Noticed a wretched star
    43 | Abyss:3  | Found a corrupted altar of Lugonu.
    61 | Abyss:3  | Noticed a ynoxinul
    63 | Abyss:3  | Killed a ynoxinul
    64 | Abyss:3  | Reached skill level 3 in Polearms
    64 | Abyss:3  | Reached skill level 3 in Dodging
    64 | Abyss:3  | Reached skill level 3 in Invocations
    64 | Abyss:3  | Reached XP level 2. HP: 22/22 MP: 2/4
    64 | Abyss:3  | Reached XP level 3. HP: 27/27 MP: 2/5
    64 | Abyss:3  | Reached XP level 4. HP: 33/33 MP: 2/6
    64 | Abyss:3  | Reached XP level 5. HP: 37/37 MP: 2/7
    93 | Abyss:4  | Identified the +6 morningstar "Xuapin" {elec, rPois rCorr
                  | Int-4 Dex-3}
   119 | Abyss:4  | Noticed a tentacled starspawn
   124 | Abyss:4  | Noticed an apocalypse crab
   162 | Abyss:4  | Noticed a wretched star
   163 | D:1      | You pass through the gate.
   163 | D:1      | Escaped the Abyss
   238 | D:1      | Found a faded altar of an unknown god.
  1073 | D:1      | Reached * piety under Lugonu
  1368 | D:1      | Reached skill level 4 in Fighting
  1586 | D:2      | Reached skill level 1 in Evocations
  1586 | D:2      | Reached XP level 6. HP: 43/43 MP: 8/8
  1646 | D:2      | Found a shimmering altar of Xom.
  1780 | D:2      | Reached skill level 1 in Maces & Flails
  2411 | D:3      | Found a large runed translucent door.
  2413 | D:3      | Found a large runed translucent door.
  2415 | D:3      | Noticed AttackTheMoon's ghost (amateur TrHu)
  2589 | D:3      | Reached ** piety under Lugonu
  2996 | D:4      | You pick up a book of Blood and begin reading...
  2996 | D:4      | You add the spells Sublimation of Blood, Wereblood and
                  | Summon Hydra to your library.
  3005 | D:4      | Noticed an orc warrior
  3008 | D:4      | Reached skill level 4 in Dodging
  3008 | D:4      | Reached skill level 4 in Invocations
  3008 | D:4      | Reached skill level 2 in Evocations
  3008 | D:4      | Reached XP level 7. HP: 32/49 MP: 10/10
  3176 | D:3      | Reached skill level 2 in Maces & Flails
  3524 | D:4      | Found Olis's Jewellery Shop.
  3785 | D:5      | Entered Level 5 of the Dungeon
  3828 | D:5      | You pick up a book of Vapours and begin reading...
  3828 | D:5      | You add the spells Poisonous Vapours and Corpse Rot to your
                  | library.
  4311 | D:5      | You pick up a book of Callings and begin reading...
  4311 | D:5      | You add the spells Summon Small Mammal, Call Canine
                  | Familiar and Summon Guardian Golem to your library.
  4313 | D:5      | Noticed Eustachio
  4319 | D:5      | Killed Eustachio
  4320 | D:5      | Reached skill level 5 in Fighting
  4320 | D:5      | Reached skill level 3 in Evocations
  4320 | D:5      | Reached XP level 8. HP: 33/55 MP: 11/11
  4612 | D:6      | Reached skill level 3 in Maces & Flails
  5101 | D:6      | Found a staircase to the Ecumenical Temple.
  5117 | D:6      | Reached skill level 5 in Invocations
  5359 | Temple   | Entered the Ecumenical Temple
  5925 | D:6      | Reached skill level 5 in Dodging
  6142 | D:7      | Found a blossoming altar of Fedhas.
  6208 | D:7      | Reached skill level 4 in Evocations
  6475 | D:7      | You add the spells Ignite Poison, Mephitic Cloud and
                  | Freezing Cloud to your library.
  6539 | D:7      | Learned a level 2 spell: Poisonous Vapours
  6543 | D:7      | Learned a level 3 spell: Ignite Poison
  6586 | D:7      | Found Zin's Purification Station.
  6591 | D:7      | Found a glowing silver altar of Zin.
  6625 | D:7      | Reached skill level 4 in Maces & Flails
  6665 | D:6      | Reached *** piety under Lugonu
  6666 | D:6      | Reached skill level 1 in Poison Magic
  7425 | D:7      | Reached XP level 9. HP: 52/62 MP: 13/13
  7662 | D:7      | Reached skill level 2 in Poison Magic
  7904 | D:7      | Found an ancient bone altar of Kikubaaqudgha.
  8027 | D:8      | Reached skill level 6 in Fighting
  8027 | D:8      | Reached skill level 6 in Invocations
  8168 | D:8      | Slain by an orc warrior

Vanquished Creatures
  A wyvern (D:8)
  A ynoxinul (Abyss:3)
  Eustachio (D:5)
  A water moccasin (D:6)
  An orc warrior (D:3)
  A centaur (D:7)
  A kobold brigand (D:7)
  4 scorpions
  2 bullfrogs (D:7)
  A gnoll sergeant (D:7)
  A water moccasin skeleton (D:4)
  3 killer bees (D:8)
  2 bullfrog zombies
  A hound (D:6)
  3 jellies
  A gnoll shaman (D:6)
  2 orc priests (D:7)
  A centaur skeleton (D:7)
  2 bullfrog skeletons (D:6)
  An iguana (D:7)
  A hound skeleton (D:4)
  13 gnolls
  A howler monkey skeleton (D:7)
  8 adders
  2 white imps
  An ufetubus (D:5)
  An adder skeleton (D:4)
  5 orcs
  4 bats
  10 endoplasms
  4 giant cockroaches
  6 goblins
  5 hobgoblins
  2 quokkas
  12 ball pythons
  4 frilled lizards (D:3)
  9 kobolds
  7 rats
126 creatures vanquished.

Vanquished Creatures (others)
  2 starspawn tentacles (Abyss:4)
2 creatures vanquished.

Grand Total: 128 creatures vanquished

Table legend:
 A = Non-vault XP
 B = Vault XP
 C = Vault XP percentage of total XP
 D = Non-vault monster count
 E = Vault monster count
 F = Vault count percentage of total count
                 A         B        C        D         E       F
            +---------+---------+-------+---------+---------+-------
      Total |    2536 |     440 |  14.8 |     118 |       8 |   6.3
            +---------+---------+-------+---------+---------+-------
        D:1 |      95 |       0 |   0.0 |      27 |       0 |   0.0
        D:2 |      49 |       0 |   0.0 |      16 |       0 |   0.0
        D:3 |      37 |     132 |  78.1 |      17 |       2 |  10.5
        D:4 |     191 |     112 |  37.0 |      10 |       5 |  33.3
        D:5 |     196 |     196 |  50.0 |       6 |       1 |  14.3
        D:6 |     543 |       0 |   0.0 |      17 |       0 |   0.0
        D:7 |     811 |       0 |   0.0 |      20 |       0 |   0.0
        D:8 |     406 |       0 |   0.0 |       4 |       0 |   0.0
    Abyss:3 |     208 |       0 |   0.0 |       1 |       0 |   0.0
            +---------+---------+-------+---------+---------+-------

Illustrated notes

Table legend:
 A = Kills in this place as a percentage of kills in entire the game.
 B = Kills by you in this place as a percentage of kills by you in the entire game.
 C = Kills by friends in this place as a percentage of kills by friends in the entire game.
 D = Other kills in this place as a percentage of other kills in the entire game.
 E = Experience gained in this place as a percentage of experience gained in the entire game.
 F = Experience gained in this place divided by the number of levels of this place that you have seen.
                   A       B       C       D       E      F
               +-------+-------+-------+-------+-------+----------------------
         Total | 100.0 | 100.0 |   N/A |   N/A | 100.0 | 228.9
       Dungeon |  99.2 |  99.2 |   N/A |   N/A |  93.0 | 346.0
         Abyss |   0.8 |   0.8 |   N/A |   N/A |   7.0 |  52.0
               +-------+-------+-------+-------+-------+----------------------

Table legend: (Time is in decaauts)
 A = Elapsed time spent in this place.
 B = Non-inter-level travel time spent in this place.
 C = Inter-level travel time spent in this place.
 D = Time resting spent in this place.
 E = Time spent auto-exploring this place.
 F = Levels seen in this place.
 G = Mean time per level.
                   A        B        C        D        E       F      G
               +--------+--------+--------+--------+--------+-----+--------+
         Total |   8265 |   8147 |    118 |   1056 |   5921 |  13 |  635.8 |
       Dungeon |   7961 |   7843 |    118 |    916 |   5902 |   8 |  995.1 |
        Temple |    141 |    141 |      0 |    140 |      0 |   1 |  141.0 |
         Abyss |    161 |    161 |      0 |      0 |     19 |   4 |   40.2 |
               +--------+--------+--------+--------+--------+-----+--------+

Top non-repeatable levels by time:
     D:6: 1663 daAuts
     D:7: 1624 daAuts
     D:1: 1426 daAuts
     D:4: 903 daAuts
     D:5: 814 daAuts
     D:3: 676 daAuts
     D:2: 670 daAuts
     D:8: 182 daAuts
  Temple: 141 daAuts
 Abyss:4: 83 daAuts
 Abyss:3: 35 daAuts
 Abyss:1: 24 daAuts
 Abyss:2: 18 daAuts
